 Dungeon Crawl Stone Soup version 0.19.1 (webtiles) character file.

72 Jerry the Covered (level 4, 29/35 HPs)
             Began as a Demonspawn Fighter on Dec 25, 2016.
             Quit the game on level 2 of the Dungeon.
             The game lasted 00:02:35 (1542 turns).

Jerry the Covered (Demonspawn Fighter)              Turns: 1542, Time: 00:02:35

Health: 29/35      AC:  6    Str: 17    XL:     4   Next: 7%
Magic:  4/4        EV:  8    Int:  9    God:
Gold:   107        SH:  8    Dex: 13    Spells: 0 memorised, 3 levels left

rFire  . . .     SeeInvis .     a - +0 long sword
rCold  . . .     Gourm    .     b - +0 scale mail
rNeg   . . .     Faith    .     c - +0 shield
rPois  .         Spirit   .     n - +0 hat
rElec  .         Reflect  .     (no cloak)
rCorr  .         Harm     .     (no gloves)
MR     .....                    (no boots)
Stlth  ..........               (no amulet)
                                (no ring)
                                (no ring)

@: no status effects
A: claws 1, sturdy frame 1
a: no special abilities


You were on level 2 of the Dungeon.
You were not hungry.

You visited 1 branch of the dungeon, and saw 2 of its levels.

You collected 107 gold pieces.

Inventory:

Hand Weapons
 a - a +0 long sword (weapon)
Armour
 b - a +0 scale mail (worn)
 c - a +0 shield (worn)
 n - a +0 hat (worn)
Jewellery
 m - a cursed amulet of inaccuracy {unknown}
 u - a cursed ring of loudness {unknown}
Scrolls
 e - 2 scrolls of fear {unknown}
 g - 4 scrolls of recharging {unknown}
 h - a scroll of remove curse {unknown}
 j - 6 scrolls of identify {unknown}
 l - 2 scrolls of amnesia {unknown}
 q - a scroll of fog {unknown}
 t - a scroll of blinking {unknown}
 v - a scroll of noise {unknown}
Potions
 d - a potion of might
 i - 2 potions of degeneration {unknown}
 r - a potion of magic {unknown}
 s - a potion of heal wounds {unknown}
Comestibles
 f - a bread ration
 k - 7 fruits
 o - a meat ration
 p - 3 chunks of flesh


   Skills:
 - Level 3.0 Fighting
 + Level 2.6 Long Blades
 + Level 3.5 Armour
 + Level 1.5 Dodging
 - Level 2.6 Shields


You had 3 spell levels left.
You didn't know any spells.

Dungeon Overview and Level Annotations

Branches:
Dungeon (2/15)

Altars:


Innate Abilities, Weirdness & Mutations

You have sharp fingernails.
Your movements are slightly less encumbered by armour. (ER -2)


Message History

Things that are here:
a dagger; a goblin skeleton
Things that are here:
a dagger; a goblin skeleton
Found a runed mace.
You see here a runed mace.
You see here a scale mail.
An adder comes into view.
The adder hisses angrily.
Found a scroll labeled FEUHIUHEOG.
You hit the adder but do no damage. The adder bites you but does no damage.
You hit the adder.
The adder is heavily wounded.
The adder bites you. x2
You slash the adder!
You kill the adder!
You have reached level 4!
You feel agile.
Your demonic ancestry asserts itself...
Your fingernails lengthen.
Are you sure you want to abandon this character and quit the game? (Confirm with "yes".)

.........#.....)....# #.#
.#...............##.# #.#
#.#......#.####..##.# #.#
#.).....#.......[...####.#
..#......#.####....).....#
...........# ##.#########
#.###.###### #.# #.# #.#
#.# ..# #.# #@# ### #..
?.....†.# ### #########


There were no monsters in sight!

Vanquished Creatures
  A gnoll (D:2)
  3 adders (D:2)
  A dart slug (D:1)
  A leopard gecko (D:1)
  A ball python (D:1)
  6 hobgoblins
  5 kobolds
  3 bats
  4 frilled lizards
  5 goblins
  4 rats
34 creatures vanquished.

Notes
Turn   | Place    | Note
-------+----------+-------------------------------------------
     0 | D:1      | Jerry the Demonspawn Fighter began the quest for the Orb.
     0 | D:1      | Reached XP level 1. HP: 18/18 MP: 1/1
   147 | D:1      | Gained mutation: Your movements are slightly less encumbered by armour. (ER -2) [demonic ancestry]
   147 | D:1      | Reached XP level 2. HP: 12/24 MP: 2/2
   728 | D:1      | Reached skill level 1 in Dodging
   854 | D:2      | Reached XP level 3. HP: 21/29 MP: 3/3
  1541 | D:2      | Gained mutation: You have sharp fingernails. [demonic ancestry]
  1541 | D:2      | Reached XP level 4. HP: 29/35 MP: 4/4
  1542 | D:2      | Quit the game

Skill      XL: |  1  2 |
---------------+-------+-----
Armour         | 3 |  3.5
Long Blades    | 2 |  2.6
Dodging        | 1 |  1.5
Fighting       | |  3.0
Shields        | |  2.6

Action                   |  1- 3 |  4- 6 || total
-------------------------+-------+-------++-------
Melee: Long sword        |   107 |       ||   107
  Eat: Chunk             |     2 |       ||     2
Armor: Scale mail        |    43 |       ||    43
Dodge: Dodged            |    33 |       ||    33
Block: Shield            |    47 |       ||    47
       Rpst.: Long sword |    11 |       ||    11
